 Dungeon Crawl Stone Soup version 0.25-a0-632-g7713895373 (webtiles) character file.

Game seed: 16297716906398762992, levelgen mode: deterministic

149 n0claF the Chopper (level 5, -2/47 HPs)
             Began as a Hill Orc Monk on Mar 19, 2020.
             Slain by Grinder (8 damage)
             ... on level 4 of the Dungeon.
             The game lasted 00:06:39 (1759 turns).

n0claF the Chopper (Hill Orc Monk)                  Turns: 1759, Time: 00:06:40

Health: -2/47      AC:  5    Str: 14 (15) XL:     5   Next: 31%
Magic:  5/5        EV: 12    Int:  9 (10) God:
Gold:   84         SH:  0    Dex: 10 (13) Spells: 4/4 levels left

rFire    . . .     SeeInvis .   g - +2 short sword (venom)
rCold    . . .     Gourm    .   (no shield)
rNeg     . . .     Faith    .   b - +0 robe
rPois    .         Spirit   .   (no helmet)
rElec    .         Reflect  .   (no cloak)
rCorr    .         Harm     .   (no gloves)
MR       .....                  (no boots)
Stlth    ++........             (no amulet)
HPRegen  0.15/turn              f - +3 ring of protection (curse)
MPRegen  0.09/turn              (no ring)

@: no status effects
A: no striking features
a: no special abilities


You were on level 4 of the Dungeon.
You were not hungry.

You visited 1 branch of the dungeon, and saw 3 of its levels.

You collected 84 gold pieces.

Inventory:

Hand Weapons
 a - a +0 hand axe
 g - a +2 short sword of venom (weapon)
   (You found it on level 1 of the Dungeon)
Armour
 b - a +0 robe (worn)
Jewellery
 f - a cursed +3 ring of protection (left hand)
   (You found it on level 1 of the Dungeon)
Scrolls
 c - a scroll of random uselessness {unknown}
 d - a scroll of magic mapping {unknown}
 h - a scroll of fog {unknown}
Comestibles
 e - 6 rations {!d}


   Skills:
 + Level 4.6 Fighting
 * Level 2.3 Short Blades
 - Level 5.1 Axes
 + Level 2.4 Armour
 - Level 2.4 Dodging
 - Level 1.5 Stealth


You had 4 spell levels left.
You didn't know any spells.
Your spell library was empty.

Dungeon Overview and Level Annotations

Branches:
Dungeon (2/15)

Altars:

Annotations:
D:4 Grinder


Message History

You puncture the adder!
The adder is poisoned.
The adder bites you but does no damage.
You barely miss the adder.
You feel sick.
You kill the adder!
Grinder gestures at you.
You suddenly lose the ability to move!
You feel sick. Grinder hits you.
You writhe in agony.
Grinder hits you.
You writhe in agony.
* * * LOW HITPOINT WARNING * * *
Grinder gestures at you.
You shrug off the repeated paralysis!
You feel sick. Grinder gestures at you.
You shrug off the repeated paralysis!
Grinder hits you!
* * * LOW HITPOINT WARNING * * *
You can move again.
You hit Grinder but do no damage.
Grinder blinks!
It was a potion of degeneration.
There was something very wrong with that liquid.
You feel weakened.
You feel dopey.
You feel clumsy.
Unknown command.
You feel sick.
You feel sick.
You are no longer poisoned.
Grinder gestures at you.
You suddenly lose the ability to move!
Grinder blinks!
You can move again.
Unknown command.
Grinder blinks!
All of the chunks of flesh in your inventory have rotted away.
Grinder gestures at you. Pain shoots through your body!
* * * LOW HITPOINT WARNING * * *
You closely miss Grinder. Grinder closely misses you.
You barely miss Grinder. Grinder gestures at you.
You resist with significant effort.
You hit Grinder. Grinder hits you but does no damage.
You barely miss Grinder. Grinder misses you.
You barely miss Grinder. Grinder closely misses you.
You barely miss Grinder. Grinder hits you but does no damage.
You hit Grinder. Grinder hits you!
* * * LOW HITPOINT WARNING * * *
You writhe in agony.
* * * LOW HITPOINT WARNING * * *
You puncture Grinder! Grinder hits you!
You die...

#.# #.## #.#
#..# #.# #..#
#.#####..#
#........#
#..#####.##
###.####...##
#...........#
#.#.####..@.#
...#.#####5#.#
###
#.........#
#.#####...#
... #...# #..
#...# #..
#...# ###...#
...$..#
#.....#


You could see Grinder.

Vanquished Creatures
  A centaur zombie (D:4)
  An orc wizard (D:4)
  2 gnolls (D:2)
  An adder (D:4)
  A worm (D:2)
  2 leopard geckos
  4 orcs (D:4)
  3 bats (D:1)
  10 giant cockroaches
  3 goblins
  4 hobgoblins (D:1)
  7 kobolds (D:1)
  2 quokkas (D:2)
  7 frilled lizards
  6 rats (D:1)
54 creatures vanquished.

Notes
Turn   | Place    | Note
-------+----------+-------------------------------------------
     0 | D:1      | n0claF the Hill Orc Monk began the quest for the Orb.
     0 | D:1      | Reached XP level 1. HP: 19/19 MP: 1/1
    74 | D:1      | Reached XP level 2. HP: 27/27 MP: 2/2
   341 | D:1      | Reached skill level 1 in Armour
   535 | D:1      | Reached XP level 3. HP: 33/33 MP: 3/3
   635 | D:1      | Reached skill level 5 in Axes
  1178 | D:2      | Reached skill level 1 in Short Blades
  1178 | D:2      | Reached XP level 4. HP: 22/40 MP: 4/4
  1461 | D:2      | You fall into a shaft and drop 2 floors!
  1551 | D:4      | Reached XP level 5. HP: 26/47 MP: 5/5
  1691 | D:4      | Noticed Grinder
  1691 | D:4      | Paralysed by Grinder for 3 turns
  1707 | D:4      | Paralysed by Grinder for 7 turns
  1731 | D:4      | Paralysed by Grinder for 6 turns
  1759 | D:4      | Slain by Grinder

Levels and vault maps discovered:
D:1:      dpeg_arrival_court, layout_rooms, minmay_cupped
D:2:      wad_woods_tower, layout_basic, okawaru_trees_2, uniq_terence
D:4:      layout_loops_ring, uniq_grinder

Skill      XL: |  1  2  3  4 |
---------------+-------------+-----
Armour         | 1 2 |  2.4
Fighting       | 4 |  4.6
Axes           | 5 |  5.1
Short Blades   | 1 2 |  2.3
Dodging        | |  2.4
Stealth        | |  1.5

Action                   |  1- 3 |  4- 6 || total
-------------------------+-------+-------++-------
Melee: Hand axe          |   100 |       ||   100
       Short sword       |    23 |    47 ||    70
  Use: Potion            |       |     1 ||     1
 Stab: Sleeping          |     6 |       ||     6
  Eat: Chunk             |     1 |     2 ||     3
Armor: Robe              |    19 |    14 ||    33
Dodge: Dodged            |    94 |    19 ||   113

Table legend:
 A = Non-vault XP
 B = Vault XP
 C = Vault XP percentage of total XP
 D = Non-vault monster count
 E = Vault monster count
 F = Vault count percentage of total count
                 A         B        C        D         E       F
            +---------+---------+-------+---------+---------+-------
      Total |     178 |      35 |  16.4 |      47 |       7 |  13.0
            +---------+---------+-------+---------+---------+-------
        D:1 |      53 |       4 |   7.0 |      33 |       3 |   8.3
        D:2 |      14 |      31 |  68.9 |       6 |       4 |  40.0
        D:4 |     111 |       0 |   0.0 |       8 |       0 |   0.0
            +---------+---------+-------+---------+---------+-------
